 Dungeon Crawl Stone Soup version 0.28.0-53-g5a82cb258f (webtiles) character file.

Game seed: 444308462328914902

793 mortz the Conjurer (level 7, -11/50 HPs)
             Began as a Demigod Conjurer on June 1, 2022.
             Mangled by an orc warrior
             ... wielding a +0 dire flail
              (17 damage)
             ... on level 6 of the Dungeon.
             The game lasted 00:18:36 (5853 turns).

mortz the Conjurer (Demigod Conjurer)               Turns: 5853, Time: 00:18:36

Health: -11/50     AC:  6    Str:  8    XL:     7   Next: 31%
Magic:  3/16       EV: 12    Int: 28    God:
Gold:   121        SH:  0    Dex: 18    Spells: 7/14 levels left

rFire   . . .      SeeInvis .   h - +2 dagger (venom) {short}
rCold   . . .      Faith    .   (no shield)
rNeg    . . .      Spirit   .   w - +0 leather armour
rPois   .          Reflect  .   m - +0 helmet
rElec   .          Harm     .   e - +0 cloak
rCorr   .          Rampage  .   (no gloves)
Will    .....                   n - +0 pair of boots
Stlth   +++.......              (no amulet)
HPRegen 0.16/turn               u - +6 ring of dexterity
MPRegen 0.15/turn               (no ring)

@: no status effects
A: high MP 1, forlorn, divine attributes
a: no special abilities


You were on level 6 of the Dungeon.
You visited 1 branch of the dungeon, and saw 6 of its levels.
You also visited: Sewer.

You collected 121 gold pieces.


Innate Abilities, Weirdness & Mutations

You have an increased reservoir of magic. (+10% MP)
You shall have no god before yourself.
Your divine heritage dramatically boosts your attributes as you level up.


   Skills:
 + Level 0.1 Fighting
 + Level 0.4 Short Blades
 + Level 0.6 Armour
 + Level 2.4 Dodging
 + Level 3.8 Stealth
 + Level 4.1 Spellcasting
 + Level 6.0 Conjurations
 * Level 1.8 Translocations


You had 7 spell levels left.
You knew the following spells:

 Your Spells              Type           Power      Damage    Failure   Level
a - Magic Dart            Conj           100%       1d8       1%          1
b - Searing Ray           Conj           78%        2d7       1%          2
c - Iskenderun's Mystic   Conj/Tloc      28%        2d7       21%         4

Your spell library contained the following spells:

 Spells                   Type           Power      Damage    Failure   Level
 Conjure Flame            Conj/Fire      22%        6-21      9%          3
 Dazzling Flash           Conj/Hex       44%        N/A       9%          3
 Summon Small Mammal      Summ           20%        N/A       11%         1
 Call Canine Familiar     Summ           5%         N/A       30%         3
 Frozen Ramparts          Ice            10%        1d3       30%         3
 Ignite Poison            Fire/Tmut/Pois 5%         N/A       30%         3
 Summon Guardian Golem    Hex/Summ       5%         N/A       30%         3
 Fulminant Prism          Conj/Hex       11%        3d9       30%         4
 Sticky Flame             Conj/Fire      22%        2d4       30%         4
 Ice Form                 Ice/Tmut       5%         N/A       71%         4
 Summon Ice Beast         Ice/Summ       5%         N/A       71%         4

Inventory:

Hand Weapons
 g - a +0 hand axe {axe}
   (You found it on level 1 of the Dungeon)
 h - a +2 dagger of venom (weapon) {short}
   (You found it on level 1 of the Dungeon)
 B - a +0 flail of protection {mace}
   (You took it off a gnoll on level 5 of the Dungeon)
Missiles
 s - 31 poisoned darts {throwing}
Armour
 a - a +0 robe
 e - a +0 cloak (worn)
   (You found it on level 1 of the Dungeon)
 m - a +0 helmet (worn)
   (You found it on level 1 of the Dungeon)
 n - a +0 pair of boots (worn)
   (You found it on level 2 of the Dungeon)
 w - a +0 leather armour (worn)
   (You found it on level 4 of the Dungeon)
Jewellery
 u - a +6 ring of dexterity (left hand)
   (You found it on level 4 of the Dungeon)
Scrolls
 b - a scroll of acquirement {unknown}
 d - a scroll of immolation {!r!r}
 f - a scroll of brand weapon {unknown}
 j - 2 scrolls of identify {@r1}
 l - 3 scrolls of magic mapping {!r}
 o - a scroll of noise {unknown}
 p - a scroll of teleportation {unknown}
 q - a scroll of blinking {unknown}
 t - a scroll of vulnerability {!r!r}
 v - a scroll of enchant armour {unknown}
 y - a scroll of amnesia {unknown}
Potions
 c - 2 potions of mutation {!q}
 i - a potion of curing {@q1}
 r - a potion of attraction {!q}
 x - 2 potions of heal wounds {@q2}
 z - 2 potions of flight
 A - a potion of experience

Dungeon Overview and Level Annotations

Branches:
Dungeon (6/15)             Temple (0/1) D:4           Sewer (visited)

#. #.# ...
#+#.#######
..........####
.............
..........#
#@# #o# #.#
#)# #.# #.#
#.# #.#


You could see an orc warrior.


Message History

Done exploring.
You start waiting.
You feel your willpower return.
Done waiting.
Save game and exit? 🤖 Initializing magus.rc ... ✅ Successfully initialized magus.rc [v1.9.6] Welcome back, mortz the Demigod Conjurer.
Press ? for a list of commands and other information.
Done exploring.
(D) Dungeon (T) Temple
Where to? (? - help)
There is a stone staircase leading down here.
You climb downwards.
The orc warrior shouts!
There is a stone staircase leading up here.
There are monsters nearby!
Cast which spell? (? or * to list)
Aiming: Searing Ray (safe; 1% risk of failure)
Press: ? - help, Shift-Dir - straight line, f - ufetubus
Aim: an ufetubus (wandering, hasn't noticed you, 68% to hit)
The searing ray misses the ufetubus.
The searing ray hits the orc!
You kill the orc!
The searing ray hits the orc. (Press . to maintain the ray.) 😎 MP[-2]
You lost 2 mp, and now have 14/16 mp.
The searing ray misses the ufetubus.
The searing ray hits the orc warrior.
The ufetubus hits you. The ufetubus barely misses you. x2
The ufetubus hits you but does no damage. 😕 HP[-3] MP[-1]
You take 3 damage, and now have 47/50 hp.
You lost 1 mp, and now have 13/16 mp.
The searing ray misses the ufetubus.
The searing ray hits the orc warrior but does no damage.
The ufetubus hits you but does no damage.
The ufetubus closely misses you. 😕 MP[-1]
You lost 1 mp, and now have 12/16 mp.
The searing ray hits the ufetubus!
You kill the ufetubus!
The searing ray hits the orc warrior.
The searing ray misses the orc.
You finish channelling your searing ray. 😕 MP[-1]
You lost 1 mp, and now have 11/16 mp.
Casting: Searing Ray (safe; 1% risk of failure)
Confirm with . or Enter, or press ? or * to list all spells.
Aiming: Searing Ray (safe; 1% risk of failure)
Press: ? - help, Shift-Dir - straight line, f - orc warrior
Aim: an orc warrior, wielding a +0 dire flail and wearing a +0 chain mail (moderately wounded, 78% to hit)
The searing ray hits the orc warrior!
The searing ray hits the orc!
You kill the orc! (Press . to maintain the ray.) 😕 MP[-2]
You lost 2 mp, and now have 9/16 mp.
The searing ray misses the orc warrior.
The orc warrior hits you with a +0 dire flail! 😮 HP[-12] MP[-1]
You take 12 damage, and now have 35/50 hp.
MASSIVE DAMAGE!! (PAUSE)
You lost 1 mp, and now have 8/16 mp.
The searing ray hits the orc warrior.
The orc warrior closely misses you.
The searing ray hits the orc warrior but does no damage.
You finish channelling your searing ray.
The orc warrior hits you with a +0 dire flail! 😮 HP[-6] MP[-1]
You take 6 damage, and now have 29/50 hp.
You lost 1 mp, and now have 7/16 mp.
Casting: Searing Ray (safe; 1% risk of failure)
Confirm with . or Enter, or press ? or * to list all spells.
Aiming: Searing Ray (safe; 1% risk of failure)
Press: ? - help, Shift-Dir - straight line, f/p - orc warrior
Aim: an orc warrior, wielding a +0 dire flail and wearing a +0 chain mail (severely wounded, 78% to hit)
The searing ray hits the orc warrior but does no damage. (Press . to maintain the ray.)
The orc warrior hits you with a +0 dire flail!!
* * * LOW HITPOINT WARNING * * *
😱 HP[-18] MP[-2]
You take 18 damage, and now have 11/50 hp.
MASSIVE DAMAGE!! (PAUSE)
You lost 2 mp, and now have 5/16 mp.
The searing ray hits the orc warrior.
The orc warrior barely misses you. 😱 MP[-1]
You lost 1 mp, and now have 4/16 mp.
The searing ray hits the orc warrior.
The orc warrior closely misses you. 😱 MP[-1]
You lost 1 mp, and now have 3/16 mp.
The searing ray misses the orc warrior.
You finish channelling your searing ray.
The orc warrior hits you with a +0 dire flail.
* * * LOW HITPOINT WARNING * * *
😱 HP[-5] MP[-1]
You take 5 damage, and now have 6/50 hp.
You lost 1 mp, and now have 2/16 mp.
Okay, then.
Casting: Searing Ray (safe; 1% risk of failure)
Confirm with . or Enter, or press ? or * to list all spells.
Okay, then.
The orc warrior hits you with a +0 dire flail!
You die...

Skill      XL: |  1  2  3  4  5  6  7 |
---------------+----------------------+-----
Conjurations   | 4 5 6 |  6.0
Stealth        | 2 3 |  3.8
Spellcasting   | 2 3 4 |  4.1
Dodging        | 2 |  2.4
Translocations | 1 |  1.8
Fighting       | |  0.1
Short Blades   | |  0.4
Armour         | |  0.6

Action                   |  1- 3 |  4- 6 |  7- 9 || total
-------------------------+-------+-------+-------++-------
Melee: Dagger            |       |     5 |       ||     5
 Cast: Magic Dart        |    54 |    49 |     6 ||   109
       Searing Ray       |    10 |    29 |     8 ||    47
  Use: Scroll            |       |       |     7 ||     7
Armor: Robe              |     2 |     4 |       ||     6
       Leather armour    |       |     3 |     4 ||     7
Dodge: Dodged            |     4 |    14 |     8 ||    26

Levels and vault maps discovered:
D:1:      dpeg_arrival_long_road, layout_loops_corners
D:2:      layout_rooms, basic_altar, minivault_19
D:3:      layout_loops_cross, shapermc_ecumenical_altar_hornbeckon
D:4:      layout_basic, temple_doors_cd
D:5:      layout_loops_ring, portal_sewer_entry_c
D:6:      layout_basic, mainiacjoe_overflow_24_doors

Notes
Turn   | Place    | Note
-------+----------+-------------------------------------------
     0 | D:1      | mortz the Demigod Conjurer began the quest for the Orb.
     0 | D:1      | Reached XP level 1. HP: 14/14 MP: 5/5
     0 | D:1      | magus.rc [v1.9.6]
   697 | D:1      | Reached skill level 4 in Conjurations
   697 | D:1      | Reached XP level 2. HP: 20/20 MP: 4/7
   700 | D:1      | Learned a level 2 spell: Searing Ray
  1039 | D:2      | Reached skill level 2 in Stealth
  1117 | D:2      | You add the spells Conjure Flame, Ignite Poison and Sticky
                  | Flame to your library.
  1162 | D:2      | Reached skill level 2 in Spellcasting
  1320 | D:2      | Reached XP level 3. HP: 26/26 MP: 6/8
  1380 | D:2      | You pick up a book of Callings and begin reading...
  1380 | D:2      | You add the spells Summon Small Mammal, Call Canine
                  | Familiar and Summon Guardian Golem to your library.
  2277 | D:3      | Reached skill level 2 in Dodging
  2331 | D:3      | Reached XP level 4. HP: 31/33 MP: 6/10
  3474 | D:4      | Found a staircase to the Ecumenical Temple.
  3935 | D:5      | Entered Level 5 of the Dungeon
  3941 | D:5      | Found a glowing drain.
  4034 | Sewer    | Entered a sewer
  4048 | Sewer    | Reached skill level 5 in Conjurations
  4048 | Sewer    | Reached XP level 5. HP: 38/38 MP: 4/12
  4190 | Sewer    | Reached skill level 3 in Stealth
  4190 | Sewer    | Reached skill level 3 in Spellcasting
  4530 | D:5      | Reached XP level 6. HP: 45/45 MP: 6/13
  4589 | D:5      | Learned a level 4 spell: Iskenderun's Mystic Blast
  5124 | D:5      | Reached skill level 1 in Translocations
  5219 | D:5      | Reached XP level 7. HP: 50/50 MP: 10/16
  5489 | D:5      | Reached skill level 4 in Spellcasting
  5489 | D:5      | Reached skill level 6 in Conjurations
  5649 | D:5      | You pick up a book of Rime and begin reading...
  5649 | D:5      | You add the spells Frozen Ramparts, Ice Form and Summon Ice
                  | Beast to your library.
  5719 | D:5      | Identified a potion of experience
  5825 | D:5      | magus.rc [v1.9.6]
  5849 | D:6      | HP: 11/50 [orc warrior/+0 dire flail (18)]
  5853 | D:6      | Mangled by an orc warrior

Vanquished Creatures
  A black bear (D:5)
  2 necrophages (D:5)
  A kobold brigand (Sewer)
  A scorpion (D:5)
  3 jellies (D:5)
  A hound (D:5)
  2 iguanas
  An orc wizard (D:5)
  A howler monkey zombie (D:5)
  3 gnolls (D:5)
  7 adders
  2 river rats
  2 ufetubi
  An adder skeleton (D:3)
  A worm (D:5)
  2 dart slugs
  7 orcs
  7 ball pythons
  4 endoplasms
  3 giant cockroaches
  5 goblins
  A hobgoblin (D:2)
  6 jackals
  4 quokkas
  3 bats
  4 frilled lizards
  7 kobolds
  5 rats
87 creatures vanquished.

Vanquished Creatures (others)
  2 fungi (D:3)
  A plant (D:3)
3 creatures vanquished.

Grand Total: 90 creatures vanquished

Table legend:
 A = Non-vault XP
 B = Vault XP
 C = Vault XP percentage of total XP
 D = Non-vault monster count
 E = Vault monster count
 F = Vault count percentage of total count
                 A         B        C        D         E       F
            +---------+---------+-------+---------+---------+-------
      Total |    1000 |     133 |  11.7 |      75 |      12 |  13.8
            +---------+---------+-------+---------+---------+-------
        D:1 |      16 |       0 |   0.0 |      10 |       0 |   0.0
        D:2 |      53 |       0 |   0.0 |      11 |       0 |   0.0
        D:3 |      68 |       0 |   0.0 |      23 |       0 |   0.0
        D:4 |      73 |       0 |   0.0 |       9 |       0 |   0.0
        D:5 |     776 |      21 |   2.6 |      19 |       6 |  24.0
        D:6 |      14 |       0 |   0.0 |       3 |       0 |   0.0
      Sewer |       0 |     112 | 100.0 |       0 |       6 | 100.0
            +---------+---------+-------+---------+---------+-------

Illustrated notes

Table legend:
 A = Kills in this place as a percentage of kills in entire the game.
 B = Kills by you in this place as a percentage of kills by you in the entire game.
 C = Kills by friends in this place as a percentage of kills by friends in the entire game.
 D = Other kills in this place as a percentage of other kills in the entire game.
 E = Experience gained in this place as a percentage of experience gained in the entire game.
 F = Experience gained in this place divided by the number of levels of this place that you have seen.
                   A       B       C       D       E      F
               +-------+-------+-------+-------+-------+----------------------
         Total | 100.0 | 100.0 |   N/A |   N/A | 100.0 | 161.9
       Dungeon |  93.1 |  93.1 |   N/A |   N/A |  90.1 | 170.2
         Sewer |   6.9 |   6.9 |   N/A |   N/A |   9.9 | 112.0
               +-------+-------+-------+-------+-------+----------------------

Table legend: (Time is in decaauts)
 A = Elapsed time spent in this place.
 B = Non-inter-level travel time spent in this place.
 C = Inter-level travel time spent in this place.
 D = Time resting spent in this place.
 E = Time spent auto-exploring this place.
 F = Levels seen in this place.
 G = Mean time per level.
                   A        B        C        D        E       F      G
               +--------+--------+--------+--------+--------+-----+--------+
         Total |   5891 |   5743 |    148 |    443 |   4736 |   7 |  841.6 |
       Dungeon |   5520 |   5372 |    148 |    340 |   4537 |   6 |  920.0 |
         Sewer |    371 |    371 |      0 |    103 |    199 |   1 |  371.0 |
               +--------+--------+--------+--------+--------+-----+--------+

Top non-repeatable levels by time:
     D:5: 1567 daAuts
     D:3: 1144 daAuts
     D:4: 1072 daAuts
     D:1: 1024 daAuts
     D:2: 698 daAuts
   Sewer: 371 daAuts
     D:6: 12 daAuts
